 Dungeon Crawl Stone Soup version 0.23.2-1-ga50397a (webtiles) character file.

Game seed: 5051721898163938469

371 xveg the Ruffian (level 6, -13/56 HPs)
             Began as a Minotaur Berserker on May 15, 2019.
             Was a Priest of Trog.
             Mangled by Pikel
             ... wielding a +0 whip of electrocution
              (20 damage)
             ... on level 4 of the Dungeon.
             The game lasted 00:04:16 (3676 turns).

xveg the Ruffian (Minotaur Berserker)               Turns: 3676, Time: 00:04:17

Health: -13/56     AC: 14    Str: 24    XL:     6   Next: 42%
Magic:  5/5        EV:  9    Int:  4    God:    Trog [***...]
Gold:   159        SH:  0    Dex:  9    Spells: 5/5 levels left

rFire    . . .     SeeInvis +     - Unarmed
rCold    . . .     Gourm    .   (no shield)
rNeg     . . .     Faith    .   f - +0 chain mail
rPois    .         Spirit   .   (helmet restricted)
rElec    .         Reflect  .   (no cloak)
rCorr    .         Harm     .   (no gloves)
MR       .....                  (no boots)
Stlth    ..........             (no amulet)
HPRegen  0.18/turn              d - +5 ring of protection
MPRegen  0.09/turn              j - ring of see invisible

@: no status effects
A: retaliatory headbutt, horns 2
a: Berserk, Trog's Hand, Renounce Religion


You were on level 4 of the Dungeon.
You worshipped Trog.
Trog was most pleased with you.
You were not hungry.

You visited 1 branch of the dungeon, and saw 4 of its levels.

You collected 159 gold pieces.

Inventory:

Armour
 a - a +0 animal skin
 f - a +0 chain mail (worn)
Jewellery
 d - a +5 ring of protection (left hand)
 h - an uncursed ring of positive energy {unknown}
 j - a ring of see invisible (right hand)
Scrolls
 c - a scroll of remove curse
 g - a scroll of immolation {unknown}
 i - 3 scrolls of identify
Potions
 e - 3 potions of curing
 k - a potion of might
Comestibles
 b - 2 rations


   Skills:
 + Level 5.0 Fighting
 + Level 2.8 Armour
 + Level 3.7 Dodging
 + Level 0.7 Stealth
 + Level 6.3 Unarmed Combat


You had 5 spell levels left.
You didn't know any spells.
Your spell library was empty.

Dungeon Overview and Level Annotations

Branches:
Dungeon (4/15)
 Temple: D:4-7

Altars:
Cheibriados
Yredelemnul
The Shining One

Annotations:
D:4 Pikel


Innate Abilities, Weirdness & Mutations

You reflexively headbutt those who attack you in melee.
You have a pair of horns on your head.


Message History

You miss Pikel.
Pikel is severely wounded.
Pikel hits you but does no damage.
You hit Pikel but do no damage.
Pikel is severely wounded.
Pikel hits you but does no damage.
You completely miss Pikel.
Pikel is severely wounded.
Pikel hits you but does no damage.
You hit Pikel.
Pikel is almost dead.
Pikel hits you but does no damage.
You are electrocuted!!
* * * LOW HITPOINT WARNING * * *
You hit Pikel but do no damage.
Pikel is almost dead.
Pikel hits you but does no damage.
You closely miss Pikel. You punch Pikel.
Pikel is almost dead.
Pikel hits you but does no damage.
You are electrocuted!!
You die...

##...# #.#.##.#
#.....# #.#.##.####
#.!...# #.#....)...
#.....# #.#....##+#
#..... #.#....#≈≈≈
#.p...###......'≈≈≈
#pap..<.K...##.#≈≈≈
##K######p####.##'#
#@#...$.......# ..
#.#.####O####### #
########.#
#...p..ppp..
#<.......#
#.##.#######
#########......(#
.........
#.....###.
#.....###.#
#.....###.#


You could see Pikel, 3 slaves and a worker ant.

Vanquished Creatures
  An ogre (D:4)
  A howler monkey (D:3)
  3 worker ants
  A gnoll (D:1)
  8 adders
  2 oozes
  2 worms
  4 dart slugs
  A leopard gecko (D:4)
  3 orcs (D:3)
  4 bats
  4 giant cockroaches
  8 goblins
  9 hobgoblins
  4 jackals (D:3)
  4 kobolds
  2 quokkas (D:2)
  A ball python (D:1)
  3 frilled lizards
  A leopard gecko skeleton (D:4)
  6 rats
72 creatures vanquished.

Notes
Turn   | Place    | Note
-------+----------+-------------------------------------------
     0 | D:1      | xveg the Minotaur Berserker began the quest for the Orb.
     0 | D:1      | Reached XP level 1. HP: 19/19 MP: 0/0
   201 | D:1      | Reached XP level 2. HP: 24/27 MP: 1/1
   456 | D:1      | Reached skill level 4 in Unarmed Combat
   571 | D:1      | Reached XP level 3. HP: 33/33 MP: 2/2
   955 | D:2      | Found a glowing golden altar of the Shining One.
   964 | D:2      | Found a basalt altar of Yredelemnul.
   990 | D:2      | Reached ** piety under Trog
  1370 | D:2      | Reached XP level 4. HP: 34/41 MP: 3/3
  1604 | D:2      | Noticed an angel
  1699 | D:3      | Reached skill level 5 in Unarmed Combat
  2075 | D:3      | Found a snail-covered altar of Cheibriados.
  2179 | D:3      | Reached XP level 5. HP: 38/47 MP: 4/4
  2353 | D:3      | Found a faded altar of an unknown god.
  2420 | D:4      | Noticed an ogre
  2421 | D:4      | Noticed a slave
  2422 | D:4      | Noticed a slave
  2422 | D:4      | Noticed a slave
  2422 | D:4      | Noticed Pikel
  3050 | D:4      | Noticed an ogre
  3059 | D:4      | Killed an ogre
  3059 | D:4      | Reached *** piety under Trog
  3059 | D:4      | Reached skill level 5 in Fighting
  3059 | D:4      | Reached skill level 6 in Unarmed Combat
  3059 | D:4      | Reached XP level 6. HP: 20/56 MP: 5/5
  3388 | D:4      | Noticed a slave
  3676 | D:4      | Mangled by Pikel

Skill      XL: |  1  2  3  4  5 |
---------------+----------------+-----
Fighting       | 4 5 |  5.0
Unarmed Combat | 4 5 6 |  6.3
Dodging        | 3 |  3.7
Armour         | |  2.8
Stealth        | |  0.7

Action                   |  1- 3 |  4- 6 || total
-------------------------+-------+-------++-------
Melee: Unarmed           |    65 |   145 ||   210
       Headbutt          |     7 |    23 ||    30
       Punch             |       |     1 ||     1
Invok: Trog's Hand       |     1 |       ||     1
  Use: Scroll            |       |     7 ||     7
       Potion            |       |     2 ||     2
  Eat: Ration            |       |     2 ||     2
       Chunk             |       |     2 ||     2
Armor: Animal skin       |    14 |    12 ||    26
       Chain mail        |       |    39 ||    39
Dodge: Dodged            |    42 |    79 ||   121
